 Dungeon Crawl Stone Soup version 0.27-a0-972-gd1521fd518 (webtiles) character file.

Game seed: 4057035672678487738

69 polve the Cutter (level 4, -2/52 HPs)
             Began as a Demonspawn Abyssal Knight on Apr 13, 2021.
             Was a Follower of Lugonu.
             Slain by Grinder (6 damage)
             ... on level 3 of the Dungeon.
             The game lasted 00:01:58 (2673 turns).

polve the Cutter (Demonspawn Abyssal Knight)        Turns: 2673, Time: 00:01:59

Health: -2/52      AC:  4    Str: 13    XL:     4   Next: 2%
Magic:  5/5        EV: 11    Int: 18    God:    Lugonu [*.....]
Gold:   124        SH:  4    Dex: 12    Spells: 3/3 levels left

rFire    . . .     SeeInvis .   l - +0 rapier
rCold    . . .     Faith    .   (no shield)
rNeg     . . .     Spirit   .   b - +0 leather armour
rPois    .         Reflect  .   (no helmet)
rElec    .         Harm     .   (no cloak)
rCorr    .         Rampage  .   (no gloves)
Will     .....                  d - +0 pair of boots
Stlth    ..........             (no amulet)
HPRegen  0.17/turn              (no ring)
MPRegen  0.09/turn              (no ring)

@: berserking, hasted, very quick
A: big brain 2, condensation shield
a: Renounce Religion, Depart the Abyss


You were on level 3 of the Dungeon.
You worshipped Lugonu.
Lugonu was aware of your devotion.
You visited 1 branch of the dungeon, and saw 3 of its levels.
You visited the Abyss 1 time.

You collected 124 gold pieces.

Inventory:

Hand Weapons
 l - a +0 rapier (weapon)
Armour
 b - a +0 leather armour (worn)
 d - a +0 pair of boots (worn)
Wands
 a - a wand of charming (7)
Scrolls
 c - 3 scrolls of vulnerability {unknown}
 e - a scroll of noise {unknown}
 f - a scroll of enchant armour {unknown}
 h - 4 scrolls of identify {unknown}
 i - a scroll of fear {unknown}
 j - a scroll of enchant weapon {unknown}
 m - a scroll of magic mapping {unknown}
Potions
 n - a potion of might {unknown}


   Skills:
 - Level 3.0 Fighting
 + Level 4.0 Short Blades
 - Level 1.7 Armour
 - Level 0.8 Dodging
 - Level 2.4 Invocations


You had 3 spell levels left.
You didn't know any spells.
Your spell library was empty.

Dungeon Overview and Level Annotations

Branches:
Dungeon (3/15)

Altars:

Shops:
D:2 *!=

Annotations:
D:3 Grinder


Innate Abilities, Weirdness & Mutations

You have an extremely huge brain. (Int +4)
A meltable shield of frost defends you. (SH +4)


Message History

You are too injured to fight recklessly!
You are too injured to fight recklessly!
You are too injured to fight recklessly!
You are too injured to fight recklessly!
You are too injured to fight recklessly!
You are too injured to fight recklessly!
You are too injured to fight recklessly!
You are too injured to fight recklessly!
You are too injured to fight recklessly!
You are too injured to fight recklessly!
You are too injured to fight recklessly!
You are too injured to fight recklessly!
You are too injured to fight recklessly!
You are too injured to fight recklessly!
You are too injured to fight recklessly!
You hit Grinder.
Grinder is moderately wounded.
You block Grinder's attack.
You hit Grinder.
Grinder is heavily wounded.
Grinder hits you!
You writhe in agony.
You barely miss Grinder.
Grinder is heavily wounded.
You closely miss Grinder.
Grinder is heavily wounded.
Grinder barely misses you.
It was a potion of berserk rage.
A red film seems to cover your vision as you go berserk!
You feel yourself moving faster!
You feel mighty! Grinder hits you.
* * * LOW HITPOINT WARNING * * *
You writhe in agony.
* * * LOW HITPOINT WARNING * * *
You hit Grinder.
Grinder is heavily wounded.
You hit Grinder.
Grinder is severely wounded.
Grinder hits you!
* * * LOW HITPOINT WARNING * * *
You writhe in agony.
You die...

### ###.#..
##...##.# ##
...#..#.. .# ..
.####.##.#
##.##....
##.....#..
###.5...#
..).##.##.####..@#
..#(.#..#..#...###
#....##.##...###
#..###.....###
####...#####
.#.†.### ...###
.### .#


You could see Grinder.

Vanquished Creatures
  3 adders
  2 dart slugs (D:1)
  A bat (D:1)
  3 endoplasms
  A giant cockroach (D:1)
  6 goblins
  5 jackals (D:1)
  4 kobolds
  A quokka (D:2)
  5 ball pythons
  A frilled lizard (D:1)
  4 rats
36 creatures vanquished.

Notes
Turn   | Place    | Note
-------+----------+-------------------------------------------
     0 | Abyss:1  | polve the Demonspawn Abyssal Knight began the quest for the
                  | Orb.
     0 | Abyss:1  | Reached XP level 1. HP: 18/18 MP: 2/2
    89 | Abyss:1  | Found a corrupted altar of Lugonu.
   176 | Abyss:1  | Noticed a golden dragon simulacrum
   184 | Abyss:1  | Noticed a raiju
   187 | D:1      | Escaped the Abyss
   218 | D:1      | Reached skill level 2 in Short Blades
   333 | D:1      | Reached * piety under Lugonu
   561 | D:1      | Gained mutation: You have an unusually large brain. (Int
                  | +2) [demonic ancestry]
   561 | D:1      | Reached XP level 2. HP: 20/24 MP: 3/3
   858 | D:1      | Reached skill level 3 in Short Blades
  1050 | D:1      | Gained mutation: A meltable shield of frost defends you.
                  | (SH +4) [demonic ancestry]
  1050 | D:1      | Reached XP level 3. HP: 16/29 MP: 4/4
  1472 | D:2      | Found Vicry's Assorted Antiques.
  2345 | D:2      | Found Evianiqed's Jewellery Emporium.
  2414 | D:2      | Found Cakeej's Distillery.
  2530 | D:3      | Gained mutation: You have an extremely huge brain. (Int +4)
                  | [demonic ancestry]
  2530 | D:3      | Reached XP level 4. HP: 28/35 MP: 5/5
  2616 | D:3      | Reached skill level 4 in Short Blades
  2651 | D:3      | Noticed Grinder
  2673 | D:3      | Slain by Grinder

Illustrated notes

Levels and vault maps discovered:
D:1:      minmay_arrival_shattered_statue, layout_basic
D:2:      minmay_general_purpose_star, layout_basic, serial_shops,
          nicolae_shop_behind_doors, shop,
          nicolae_shop_temple_entry_statues_fountains,
          chequers_serial_rivers_micro_a, chequers_serial_rivers_large_a
D:3:      minmay_skewed_foursquare, layout_rooms, uniq_sigmund, uniq_grinder

Skill      XL: |  1  2  3  4 |
---------------+-------------+-----
Short Blades   | 2 3 4 |  4.0
Fighting       | |  3.0
Armour         | |  1.7
Dodging        | |  0.8
Invocations    | |  2.4

Action                   |  1- 3 |  4- 6 || total
-------------------------+-------+-------++-------
Melee: Short sword       |    80 |       ||    80
       Rapier            |    40 |    18 ||    58
Invok: Depart the Abyss  |     1 |       ||     1
  Use: Potion            |       |     2 ||     2
 Stab: Sleeping          |     1 |       ||     1
Armor: Leather armour    |    23 |     1 ||    24
Dodge: Dodged            |    67 |     5 ||    72
Block: Other             |     9 |     2 ||    11

Table legend: (Time is in decaauts)
 A = Elapsed time spent in this place.
 B = Non-inter-level travel time spent in this place.
 C = Inter-level travel time spent in this place.
 D = Time resting spent in this place.
 E = Time spent auto-exploring this place.
 F = Levels seen in this place.
 G = Mean time per level.
                   A        B        C        D        E       F      G
               +--------+--------+--------+--------+--------+-----+--------+
         Total |   2674 |   2617 |     57 |      0 |   2349 |   4 |  668.5 |
       Dungeon |   2486 |   2429 |     57 |      0 |   2175 |   3 |  828.7 |
         Abyss |    188 |    188 |      0 |      0 |    174 |   1 |  188.0 |
               +--------+--------+--------+--------+--------+-----+--------+

Top non-repeatable levels by time:
     D:1: 1244 daAuts
     D:2: 1082 daAuts
 Abyss:1: 188 daAuts
     D:3: 159 daAuts
